 Dungeon Crawl Stone Soup version 0.25.1-2-g60ff931df9 (webtiles) character file.

Game seed: 788982640405029915

30071 Delamore the Bludgeoner (level 13, -4/72 HPs)
             Began as a Gargoyle Fighter on Aug 24, 2020.
             Was the Champion of Okawaru.
             Splashed by an oklob plant's acid (15 damage)
             ... on level 4 of the Lair of Beasts.
             The game lasted 00:19:06 (16859 turns).

Delamore the Bludgeoner (Gargoyle Fighter)         Turns: 16859, Time: 00:19:06

Health: -4/72      AC: 27    Str: 41    XL:     13   Next: 49%
Magic:  15/15      EV:  7    Int: 10    God:    Okawaru [******]
Gold:   1043       SH: 15    Dex:  9    Spells: 12/12 levels left

rFire    . . .     SeeInvis +   u - +9 mace of Resourcefulness {vorpal, *Rage rPois Str+2 Stlth+}
rCold    + . .     Gourm    .   c - +0 kite shield
rNeg     + + .     Faith    +   Y - +1 crystal plate armour
rPois    ∞         Spirit   .   W - +3 hat of Impressiveness {rN+ Str+9 SInv Stlth-}
rElec    +         Reflect  .   L - +0 cloak
rCorr    .         Harm     .   (no gloves)
MR       .....     Rnd*Rage +   F - +2 pair of boots {Stlth+}
Stlth    ..........             b - amulet of faith
HPRegen  0.22/turn              X - +6 ring of strength
MPRegen  0.14/turn              G - ring of protection from cold

@: corroded, studying Throwing
A: negative energy resistance 1, electricity resistance, unbreathing,
petrification resistance, rot immunity, AC +9
a: Heroism, Finesse, Renounce Religion


You were on level 4 of the Lair of Beasts.
You worshipped Okawaru.
Okawaru was exalted by your worship.
You were not hungry.

You visited 3 branches of the dungeon, and saw 14 of its levels.
You also visited: Sewer, Ossuary and Gauntlet.

You collected 1043 gold pieces.

Inventory:

Hand Weapons
 u - the +9 mace of Resourcefulness (weapon) {vorpal, *Rage rPois Str+2 Stlth+}
   (You found it on level 7 of the Dungeon)

   It inflicts extra damage upon your enemies.
   It affects your strength (+2).
   It protects you from poison.
   It may make you go berserk in combat.
   It makes you more stealthy.
 H - the +1 whip "Ninuvei" {elec, rPois Int+5 Dex-2 SInv}
   (You found it on level 7 of the Dungeon)

   Occasionally, upon striking a foe, it will discharge some electrical energy
   and cause terrible harm.
   It affects your intelligence (+5).
   It affects your dexterity (-2).
   It protects you from poison.
   It lets you see invisible.
Missiles
 K - 22 javelins (quivered)
Armour
 c - a +0 kite shield (worn)
 F - a +2 pair of boots of stealth (worn)
 L - a +0 cloak (worn)
 W - the +3 hat of Impressiveness (worn) {rN+ Str+9 SInv Stlth-}
   (Okawaru gifted it to you on level 1 of the Lair of Beasts)

   It affects your strength (+9).
   It protects you from negative energy.
   It lets you see invisible.
   It makes you less stealthy.
 Y - a +1 crystal plate armour (worn)
Jewellery
 b - an amulet of faith (around neck)
 B - an uncursed ring of ice
 E - an uncursed ring of fire
 G - a ring of protection from cold (right hand)
 S - an uncursed ring of see invisible
 X - a +6 ring of strength (left hand)
Wands
 o - a wand of polymorph (7)
 p - a wand of acid (37)
 s - a wand of iceblast (18)
 y - a wand of random effects (15)
 N - a wand of digging (2)
 U - a wand of flame (32)
Scrolls
 a - a scroll of summoning
 i - a scroll of enchant armour {unknown}
 n - 10 scrolls of teleportation
 r - 4 scrolls of immolation
 t - 2 scrolls of fear
 J - 5 scrolls of remove curse
 M - a scroll of fog
 O - a scroll of holy word
 P - 3 scrolls of blinking
 Z - a scroll of enchant weapon
Potions
 d - a potion of might
 g - 2 potions of cancellation {unknown}
 h - 3 potions of invisibility
 k - 2 potions of mutation
 l - 7 potions of curing
 m - 3 potions of flight
 q - 2 potions of resistance {unknown}
 v - 2 potions of stabbing {unknown}
 w - 5 potions of heal wounds {unknown}
 z - 7 potions of lignification {unknown}
 A - 2 potions of brilliance {unknown}
 D - a potion of haste {unknown}
 I - 3 potions of magic {unknown}
 Q - a potion of berserk rage {unknown}
Books
 x - a manual of Throwing
Comestibles
 f - 19 rations


   Skills:
 + Level 4.9 Fighting
 - Level 16.0 Maces & Flails
 + Level 5.4 Armour
 - Level 15.0 Shields
 * Level 3.3 Invocations


You had 12 spell levels left.
You didn't know any spells.
Your spell library contained the following spells:

 Spells                   Type           Power        Failure   Level  Hunger
 Magic Dart               Conj           #...         99%         1    ##.....
 Summon Butterflies       Summ           #.......     99%         1    ##.....
 Blink                    Tloc           N/A          100%        2    ###....
 Call Imp                 Summ           #.......     100%        2    ###....
 Poisonous Vapours        Pois/Air       #.....       100%        2    ###....
 Slow                     Hex            #.......     100%        2    ###....
 Call Canine Familiar     Summ           #.......     100%        3    ####...
 Conjure Flame            Conj/Fire      #.......     100%        3    ####...
 Mephitic Cloud           Conj/Pois/Air  #.......     100%        3    ####...
 Summon Ice Beast         Ice/Summ       #.......     100%        4    #####..
 Bolt of Magma            Conj/Fire/Erth #.........   100%        5    ######.
 Summon Mana Viper        Hex/Summ       #.......     100%        5    ######.
 Conjure Ball Lightning   Conj/Air       #.........   100%        6    #######
 Freezing Cloud           Conj/Ice/Air   #.........   100%        6    #######
 Ring of Flames           Chrm/Fire      #.........   100%        7    #######
 Spellforged Servitor     Conj/Summ      #.........   100%        7    #######
 Summon Hydra             Summ           #.........   100%        7    #######


Dungeon Overview and Level Annotations

Branches:
Dungeon (9/15)             Temple (1/1) D:4            Lair (4/6) D:9
  Swamp (0/4) Lair:3        Snake (0/4) Lair:2          Orc (0/2) D:9
  Sewer (visited)         Ossuary (visited)         Gauntlet (visited)

Altars:
Ashenzari
Cheibriados
Dithmenos
Elyvilon
Fedhas
Gozag
Hepliaklqana
Kikubaaqudgha
Makhleb
Nemelex Xobeh
Okawaru
Qazlal
Ru
Sif Muna
Trog
Uskayaw
Vehumet
Wu Jian
Xom
Yredelemnul
Zin
The Shining One

Shops:
D:9 ([

Annotations:
Lair:4 exclusion: 4 oklob plants


Innate Abilities, Weirdness & Mutations

You are resistant to torment.
Your stone body is resilient. (AC +9)
You are immune to poison.
You resist negative energy. (rN+)
You are resistant to electric shocks. (rElec)
You can survive without breathing.
You are immune to petrification.
You are immune to rotting.


Message History

Aim: an oklob plant You throw a javelin.
The javelin pierces through the oklob plant.
The oklob plant is lightly damaged.
The oklob plant spits acid at you. The splash of acid hits you.
The acid corrodes you!
You are splashed with acid!
Throwing (i - inventory)
K - 23 javelins (quivered)
Press: ? - help, Shift-Dir - straight line, f/p - oklob plant
Aim: an oklob plant (lightly damaged)
You throw a javelin.
The javelin pierces through the oklob plant but does no damage.
The oklob plant is lightly damaged.
The oklob plant spits acid at you. The splash of acid hits you!
You are splashed with acid!
* * * LOW HITPOINT WARNING * * *
The oklob plant spits acid at you. The splash of acid hits you!
* * * LOW HITPOINT WARNING * * *
The acid corrodes you!
You are splashed with acid!
You die...

.....#..#####..# ###.##
..............## ###
.[.............##
................####
........#PPPPP#...P######
........#PPPhS#.......#P#####
........#....=#...........#.##
........#(P)..#..###.P.......####
#.....##...%..†.@#.....###......#
#.##.## #.$$.)##.####### ######..
###### ###### ### #.# ##. ##


You could see 2 oklob plants.

Vanquished Creatures
  A minotaur (Gauntlet)
  3 hydras
  3 death yaks (D:9)
  A catoblepas (Lair:4)
  A queen ant (Lair:2)
  8 elephants
  4 spiny frogs
  3 black mambas
  Maggie (D:6)
  4 komodo dragons
  A polar bear (Lair:4)
  Grinder (D:3)
  2 dream sheep (D:8)
  2 centaur simulacra (Gauntlet)
  4 blink frogs (Lair:3)
  5 flying skulls (Gauntlet)
  4 hippogriffs
  A ynoxinul (Gauntlet)
  Eustachio (D:6)
  18 yaks
  A hungry ghost (D:8)
  2 basilisks
  2 harpy simulacra (Gauntlet)
  Edmund (D:6)
  5 nagas (Lair:2)
  20 soldier ants (Lair:2)
  9 water moccasins
  5 orc warriors
  11 porcupines
  2 black bears
  An ice beast (D:6)
  2 phantoms
  A necrophage (D:7)
  3 sky beasts
  4 ogres
  3 centaurs
  9 crocodiles
  4 big kobolds (D:8)
  14 bullfrogs
  2 scorpions (D:9)
  6 killer bees (D:9)
  3 wights (D:8)
  2 electric eels (Lair:4)
  4 crimson imps
  2 centaur zombies (Ossuary)
  4 hounds
  A human zombie (Ossuary)
  A jelly (D:7)
  3 orc priests
  4 orc wizards
  A bullfrog skeleton (D:8)
  A gnoll shaman (D:8)
  Crazy Yiuf (D:6)
  An iguana (D:8)
  Terence (D:3)
  3 iron imps (Gauntlet)
  29 worker ants
  A big kobold zombie (Ossuary)
  6 mummies (Ossuary)
  2 hound skeletons (D:7)
  A worker ant zombie (D:6)
  13 adders
  10 gnolls
  A river rat (D:3)
  A shadow imp (D:9)
  5 oozes
  An adder skeleton (D:7)
  7 worms
  2 dart slugs
  6 leopard geckos
  41 orcs
  7 giant cockroaches
  2 gnoll zombies (Ossuary)
  11 goblins
  5 hobgoblins
  15 jackals
  11 kobolds
  3 quokkas
  4 ball pythons
  13 bats
  8 frilled lizards
  2 hobgoblin zombies (Ossuary)
  A jackal zombie (D:6)
  A leopard gecko zombie (D:8)
  14 rats
430 creatures vanquished.

Vanquished Creatures (others)
  A sky beast (D:7)
  5 fungi
  10 plants
16 creatures vanquished.

Grand Total: 446 creatures vanquished

Notes
Turn   | Place    | Note
-------+----------+-------------------------------------------
     0 | D:1      | Delamore the Gargoyle Fighter began the quest for the Orb.
     0 | D:1      | Reached XP level 1. HP: 14/14 MP: 1/1
   132 | D:1      | Reached XP level 2. HP: 19/19 MP: 2/2
   151 | D:1      | Reached skill level 3 in Maces & Flails
   413 | D:1      | Reached XP level 3. HP: 23/23 MP: 3/3
  1140 | D:2      | Reached skill level 4 in Maces & Flails
  1203 | D:2      | Reached XP level 4. HP: 28/28 MP: 4/4
  1244 | D:2      | You fall into a shaft and drop 1 floor!
  1389 | D:3      | Reached skill level 5 in Maces & Flails
  1397 | D:3      | Reached XP level 5. HP: 21/32 MP: 5/5
  1457 | D:3      | Found a glowing drain.
  1464 | Sewer    | Entered a sewer
  2595 | D:3      | Noticed Terence
  2604 | D:3      | Killed Terence
  2604 | D:3      | Reached skill level 6 in Maces & Flails
  2604 | D:3      | Reached XP level 6. HP: 32/37 MP: 6/6
  2689 | D:3      | Noticed Grinder
  2706 | D:3      | Paralysed by Grinder for 3 turns
  2920 | D:3      | Paralysed by Grinder for 2 turns
  2930 | D:3      | Paralysed by Grinder for 5 turns
  2942 | D:3      | Killed Grinder
  2942 | D:3      | Reached skill level 7 in Maces & Flails
  3133 | D:2      | Reached XP level 7. HP: 39/41 MP: 7/7
  3942 | D:4      | Found a staircase to the Ecumenical Temple.
  3969 | Temple   | Entered the Ecumenical Temple
  4114 | Temple   | Became a worshipper of Warmaster Okawaru
  4459 | D:4      | Reached skill level 8 in Maces & Flails
  5426 | D:5      | Entered Level 5 of the Dungeon
  5912 | D:5      | Found a sand-covered staircase.
  5920 | Ossuary  | Entered an ossuary
  6068 | Ossuary  | Reached skill level 9 in Maces & Flails
  6068 | Ossuary  | Reached XP level 8. HP: 30/46 MP: 8/8
  6440 | Ossuary  | Reached * piety under Okawaru
  7209 | D:6      | Reached skill level 10 in Maces & Flails
  7245 | D:6      | Noticed Edmund
  7265 | D:6      | Killed Edmund
  7345 | D:6      | Reached ** piety under Okawaru
  7346 | D:6      | Noticed Eustachio
  7385 | D:6      | Killed Eustachio
  7385 | D:6      | Reached skill level 11 in Maces & Flails
  7385 | D:6      | Reached XP level 9. HP: 48/51 MP: 9/9
  7425 | D:6      | Noticed Maggie
  7436 | D:6      | Killed Maggie
  7817 | D:6      | Reached skill level 12 in Maces & Flails
  7850 | D:6      | Got a scorched ring mail
  7861 | D:6      | Identified the cursed +0 ring mail "Vuodevu" {rElec rPois}
                  | (You found it on level 6 of the Dungeon)
  8034 | D:6      | Found a runed translucent door.
  8035 | D:6      | Noticed Crazy Yiuf
  8126 | D:6      | Killed Crazy Yiuf
  8300 | D:7      | Got a scorched whip
  8301 | D:7      | Identified the +1 whip "Ninuvei" {elec, rPois Int+5 Dex-2
                  | SInv} (You found it on level 7 of the Dungeon)
  8404 | D:7      | Found a burning altar of Makhleb.
  8414 | D:7      | Reached *** piety under Okawaru
  8488 | D:7      | Got a distressingly furry ring mail
  8505 | D:7      | Identified the +9 ring mail of Mezcal {Dex+2} (You found it
                  | on level 7 of the Dungeon)
  8813 | D:7      | Reached skill level 13 in Maces & Flails
  8955 | D:7      | Got a jewelled mace
  8956 | D:7      | Identified the +9 mace of Resourcefulness {vorpal, *Rage
                  | rPois Str+2 Stlth+} (You found it on level 7 of the
                  | Dungeon)
  8990 | D:8      | Reached XP level 10. HP: 56/56 MP: 10/10
  9050 | D:8      | Found a sparkling altar of Nemelex Xobeh.
  9061 | D:8      | Reached **** piety under Okawaru
  9332 | D:8      | Reached skill level 14 in Maces & Flails
  9523 | D:8      | Found a glowing silver altar of Zin.
  9571 | D:8      | Noticed a three-headed hydra
  9577 | D:8      | Killed a three-headed hydra
  9577 | D:8      | Reached ***** piety under Okawaru
  9584 | D:8      | Received a gift from Okawaru
  9918 | D:9      | Found Hejelu's Armour Boutique.
  9918 | D:9      | Found a staircase to the Orcish Mines.
  9918 | D:9      | Found Buezeuf's Weapon Boutique.
  9923 | D:9      | Reached skill level 15 in Maces & Flails
 10334 | D:9      | Noticed a death yak
 10336 | D:9      | Noticed a death yak
 10337 | D:9      | Noticed a death yak
 10341 | D:9      | Reached XP level 11. HP: 60/60 MP: 11/11
 10369 | D:9      | Killed a death yak
 10376 | D:9      | Killed a death yak
 10376 | D:9      | Reached ****** piety under Okawaru
 10376 | D:9      | Reached skill level 16 in Maces & Flails
 10379 | D:9      | Killed a death yak
 10379 | D:9      | Received a gift from Okawaru
 10379 | D:9      | Reached skill level 5 in Shields
 10636 | D:9      | Found a staircase to the Lair.
 11010 | D:9      | Found a shadowy altar of Dithmenos.
 11353 | Lair:1   | Entered Level 1 of the Lair of Beasts
 11353 | Lair:1   | Noticed a seven-headed hydra
 11360 | Lair:1   | Killed a seven-headed hydra
 11483 | Lair:1   | Found a gate leading to a gauntlet.
 11489 | Gauntlet | Entered a Gauntlet
 11489 | Gauntlet | Found a transporter.
 11489 | Gauntlet | Found a transporter.
 11489 | Gauntlet | Found a transporter.
 11489 | Gauntlet | Found a transporter.
 11489 | Gauntlet | Noticed a tengu warrior
 11584 | Gauntlet | Found a transporter.
 11584 | Gauntlet | Found a transporter.
 11608 | Gauntlet | Found a transporter.
 11612 | Gauntlet | Found a transporter.
 11612 | Gauntlet | Found a transporter.
 11614 | Gauntlet | Found a large runed translucent door.
 11615 | Gauntlet | Found a large runed translucent door.
 11616 | Gauntlet | Found a large runed translucent door.
 11616 | Gauntlet | Found a large runed translucent door.
 11616 | Gauntlet | Found a runed translucent door.
 11617 | Gauntlet | Found a large runed translucent door.
 11623 | Gauntlet | Found a transporter.
 11624 | Gauntlet | Found a runed translucent door.
 11625 | Gauntlet | Found a large runed translucent door.
 11625 | Gauntlet | Found a large runed translucent door.
 11625 | Gauntlet | Found a large runed translucent door.
 11626 | Gauntlet | Found a large runed translucent door.
 11627 | Gauntlet | Found a large runed translucent door.
 11628 | Gauntlet | Found a large runed translucent door.
 11628 | Gauntlet | Found a large runed translucent door.
 11629 | Gauntlet | Found a large runed translucent door.
 11629 | Gauntlet | Found a large runed translucent door.
 11629 | Gauntlet | Found a large runed translucent door.
 11629 | Gauntlet | Found a large runed translucent door.
 11632 | Gauntlet | Found a runed translucent gate.
 11632 | Gauntlet | Found a runed translucent gate.
 11632 | Gauntlet | Found a runed translucent gate.
 11635 | Gauntlet | Noticed a necromancer
 11636 | Gauntlet | Noticed a death yak
 11636 | Gauntlet | Noticed a death yak
 11636 | Gauntlet | Noticed a death yak
 11640 | Gauntlet | Found a transporter.
 11641 | Gauntlet | Noticed a death yak
 11642 | Gauntlet | Noticed a death yak
 11658 | Gauntlet | Found a transporter.
 11844 | Gauntlet | Got a smouldering hat
 11937 | Gauntlet | Identified the +1 hat of the Lily {rN++ Dex+4} (You found
                  | it in a Gauntlet)
 11966 | Gauntlet | Noticed a minotaur
 11990 | Gauntlet | Killed a minotaur
 12001 | Gauntlet | Identified the Papyrus of Torrid Confrontation
 12446 | Lair:1   | Reached skill level 10 in Shields
 12446 | Lair:1   | Reached XP level 12. HP: 64/64 MP: 12/12
 12751 | Lair:1   | Received a gift from Okawaru
 12752 | Lair:1   | Got a polished hat {god gift}
 12767 | Lair:1   | Identified the +3 hat of Impressiveness {rN+ Str+9 SInv
                  | Stlth-} (Okawaru gifted it to you on level 1 of the Lair of
                  | Beasts)
 12971 | Lair:2   | Noticed a queen ant
 12990 | Lair:2   | Killed a queen ant
 13539 | Lair:2   | Received a gift from Okawaru
 14142 | Lair:2   | Found a staircase to the Snake Pit.
 14542 | Lair:3   | Reached XP level 13. HP: 55/68 MP: 13/13
 14752 | Lair:3   | Found a staircase to the Swamp.
 14795 | Lair:3   | Found a bloodstained altar of Trog.
 15135 | Lair:3   | Reached skill level 15 in Shields
 15421 | Lair:4   | Reached skill level 1 in Invocations
 15659 | Lair:4   | Got a crude ring mail
 15670 | Lair:4   | Identified the +1 ring mail of Inference {Str+7 Dex+5} (You
                  | found it on level 4 of the Lair of Beasts)
 16374 | Lair:4   | Reached skill level 5 in Armour
 16388 | Lair:4   | Received a gift from Okawaru
 16859 | Lair:4   | Splashed by an oklob plant's acid

Illustrated notes

Levels and vault maps discovered:
D:1:      wander_arrival_abandoned_jail, layout_basic
D:2:      layout_basic, first_ration
D:3:      layout_loops_cross, lightli_sewer_entry_pipes, uniq_terence,
          uniq_grinder
D:4:      layout_basic, temple_doors_e, solitary_fountain,
          minmay_misc_feat_encased
D:5:      layout_basic, nicolae_ossuary_entry_plus
D:6:      layout_cave_pools, kennysheep_boxes, uniq_maggie,
          uniq_crazy_yiuf_cottage, uniq_edmund, uniq_eustachio
D:7:      layout_cave_pools, small_statue_intersection,
          makhleb_blood_cavern_becter
D:8:      layout_rooms, kennysheep_mini, hangedman_ranch
          [blue_anna_fruit_fields], nemelex_altar_shiori
D:9:      layout_layer_cave, dpeg_lair_monsters, orc_david_3,
          nicolae_dithmenos_the_darkroom
Temple:   compressed_dpeg_triangle_lava_temple
Lair:1:   layout_cave_pods, gauntlet_entry_generic, serial_bayou_shore_b
Lair:2:   layout_layer_cave, minmay_snake_entry_guardpost_medium,
          nicolae_quartered_pool_medium, chequers_serial_rivers_room_b,
          minivault_27, minivault_29
Lair:3:   layout_gridlike, swamp_mist, basic_altar, lemuel_fruit_fields
Lair:4:   layout_cave_pods, serial_bayou_ford_a, minmay_lair_oklob_chamber,
          grunt_megastairs_4, serial_bayou_shore_b

Skill      XL: |  1  2  3  4  5  6  7  8  9 10 11 12 13 |
---------------+----------------------------------------+-----
Maces & Flails | 3 4 5 6 7 9 11 13 15 16 | 16.0
Shields        | 10 14 15 | 15.0
Invocations    | 3 |  3.3
Armour         | 5 |  5.4
Fighting       | 4 |  4.9

Action                   |  1- 3 |  4- 6 |  7- 9 | 10-12 | 13-15 || total
-------------------------+-------+-------+-------+-------+-------++-------
Melee: Flail             |   105 |   326 |   577 |       |       ||  1008
       Unarmed           |       |     9 |       |       |       ||     9
       Morningstar       |       |       |    85 |       |       ||    85
       Whip              |       |       |    50 |       |       ||    50
       Mace              |       |       |     9 |   602 |   175 ||   786
Throw: Javelin           |       |       |       |       |     4 ||     4
Invok: Heroism           |       |       |       |     2 |       ||     2
       Finesse           |       |       |       |     1 |       ||     1
Evoke: Wand              |       |       |       |       |     2 ||     2
  Use: Scroll            |       |     3 |    10 |     7 |     1 ||    21
       Potion            |       |     1 |     1 |       |       ||     2
 Stab: Sleeping          |       |       |     1 |     5 |       ||     6
       Distracted        |       |       |     1 |     3 |       ||     4
  Eat: Chunk             |     1 |     7 |    17 |    13 |     6 ||    44
       Ration            |       |       |     1 |     2 |     1 ||     4
Armor: Scale mail        |    61 |   171 |       |       |       ||   232
       Chain mail        |       |    56 |   424 |       |       ||   480
       Ring mail         |       |       |    38 |   257 |       ||   295
       Crystal plate arm |       |       |       |    52 |   166 ||   218
Dodge: Dodged            |    33 |   112 |   156 |   190 |    39 ||   530
Block: Kite shield       |    59 |   194 |   354 |    84 |    58 ||   749
       Buckler           |       |       |       |   108 |    31 ||   139
